 Dungeon Crawl Stone Soup version 0.29-a0-340-g6efceafd81 (webtiles) character file.

Game seed: 16924867781707533718

119 garethmagis the Vandal (level 4, -6/23 HPs)
             Began as a Spriggan Hunter on Apr 20, 2022.
             Mangled by Sigmund
             ... wielding a +0 scythe
              (11 damage)
             ... on level 2 of the Dungeon.
             The game lasted 00:04:55 (1814 turns).

garethmagis the Vandal (Spriggan Hunter)            Turns: 1814, Time: 00:04:56

Health: -6/23      AC:  2    Str:  7    XL:     4   Next: 73%
Magic:  5/5        EV: 18    Int: 10    God:
Gold:   90         SH:  0    Dex: 20    Spells: 3/3 levels left

rFire   . . .      SeeInvis +   a - +1 hunting sling
rCold   . . .      Faith    .   (no shield)
rNeg    . . .      Spirit   .   b - +0 robe
rPois   .          Reflect  .   (helmet restricted)
rElec   .          Harm     .   (no cloak)
rCorr   .          Rampage  .   (gloves unavailable)
Will    .....                   (boots unavailable)
Stlth   ++........              (no amulet)
HPRegen 0.07/turn               (no ring)
MPRegen 0.09/turn               (no ring)

@: very quick
A: very small, no large weapons, unfitting armour, see invisible, speed 3
a: no special abilities


You were on level 2 of the Dungeon.
You visited 1 branch of the dungeon, and saw 2 of its levels.

You collected 90 gold pieces.

Inventory:

Hand Weapons
 a - a +1 hunting sling (weapon)
Armour
 b - a +0 robe (worn)
Scrolls
 c - a scroll of immolation
 d - a scroll of magic mapping {unknown}
 f - a scroll of teleportation {unknown}
 j - a scroll of silence {unknown}
 k - a scroll of blinking {unknown}
 m - 2 scrolls of identify {unknown}
 n - a scroll of enchant weapon {unknown}
Potions
 e - a potion of experience {unknown}
 g - a potion of mutation {unknown}
 h - a potion of heal wounds {unknown}
 i - 3 potions of curing {unknown}
 l - a potion of ambrosia {unknown}


   Skills:
 - Level 2.0 Fighting
 + Level 7.0 Slings
 - Level 2.9 Dodging
 - Level 1.6 Stealth


You had 3 spell levels left.
You didn't know any spells.
Your spell library was empty.

Dungeon Overview and Level Annotations

Branches:
Dungeon (2/15)

Altars:

Annotations:
D:2 1 runed translucent door, Crazy Yiuf, Sigmund


Innate Abilities, Weirdness & Mutations

You are very small and have problems with some larger weapons.
You are too small for most types of armour.
You have supernaturally acute eyesight. (SInv)
You cover ground extremely quickly. (Speed+++)


Message History

The sling bullet closely misses Sigmund.
Sigmund mumbles some strange words.
Sigmund flickers and vanishes for a moment.
You shoot a sling bullet. The sling bullet hits Sigmund.
Sigmund is heavily wounded.
Sigmund says, "Your kind have come here before.
I understand now why.
You desire death..."
You shoot a sling bullet. The sling bullet barely misses Sigmund.
Sigmund says, "Don't worry, I'll kill you fast."
Sigmund gestures at you while chanting. The magic dart hits you!
You are too injured to fight recklessly!
You are too injured to fight recklessly!
There is an open door here.
Things that are here:
a +0 spear; a gnoll corpse You close the door.
You start resting.
Sigmund the Dreaded opens the door.
He is wielding a +0 scythe and wearing a +2 robe of willpower.
You are too injured to fight recklessly!
Unknown command.
Fire: a) +1 hunting sling
Press: ? - help, Q - select action Shift-Dir - straight line, f/p - Sigmund
Aim: Sigmund, wielding a +0 scythe and wearing a +2 robe of willpower (heavily wounded, slightly transparent, 62% to hit)
You shoot a sling bullet. The sling bullet hits Sigmund!
Sigmund is almost dead.
Sigmund casts a spell at you. The magic dart hits you.
* * * LOW HITPOINT WARNING * * *
Fire: a) +1 hunting sling
Press: ? - help, Q - select action Shift-Dir - straight line, f/p - Sigmund
Aim: Sigmund, wielding a +0 scythe and wearing a +2 robe of willpower (severely wounded, slightly transparent, 62% to hit)
You shoot a sling bullet. The sling bullet barely misses Sigmund.
Sigmund misses you.
Fire: a) +1 hunting sling
Press: ? - help, Q - select action Shift-Dir - straight line, f/p - Sigmund
Aim: Sigmund, wielding a +0 scythe and wearing a +2 robe of willpower (severely wounded, slightly transparent, 62% to hit)
You shoot a sling bullet. The sling bullet hits Sigmund.
Sigmund is almost dead.
Sigmund hits you from afar with a +0 scythe!
You die...

≈≈.##.#.# #.......# #.......
≈≈..#.#.# #.......#####.......
≈≈....#.# #.......+...'.......
≈..##.#.######.......#####.....#.
...##.......##.......# #.....#.
..###.......+).......# #.....#.
..# ##......##..@....#####.....#.
#.####......####'#...............
#.#..'......####@#.########+##)##
#.#.##......##...........##.##.##
..#'#########.......####.##.##.#.
......##.# #....#### #.##.##.#.
......##.# #.^..# #####'##.##.#.
......'..# ♣....♣ #......#.##.##
......##.# ♣♣...♣ #......#.##.##
......##.# ♣♣.♣♣ #......'......
......#..# ♣♣.♣ #......#.##.##


You could see Sigmund (invisible).

Vanquished Creatures
  8 gnolls
  3 dart slugs
  3 bats
  5 endoplasms
  3 giant cockroaches
  3 hobgoblins (D:2)
  2 kobolds (D:1)
  2 quokkas
  2 ball pythons
  A frilled lizard (D:1)
  4 rats
36 creatures vanquished.

Notes
Turn   | Place    | Note
-------+----------+-------------------------------------------
     0 | D:1      | garethmagis the Spriggan Hunter began the quest for the
                  | Orb.
     0 | D:1      | Reached XP level 1. HP: 10/10 MP: 2/2
   158 | D:1      | Reached skill level 5 in Slings
   199 | D:1      | Reached XP level 2. HP: 14/14 MP: 3/3
   481 | D:1      | Reached XP level 3. HP: 18/18 MP: 4/4
   964 | D:2      | Reached skill level 6 in Slings
  1222 | D:2      | Reached XP level 4. HP: 17/23 MP: 5/5
  1335 | D:2      | Noticed Sigmund
  1423 | D:2      | Found a faded altar of an unknown god.
  1531 | D:2      | Found a runed translucent door.
  1532 | D:2      | Noticed Crazy Yiuf
  1652 | D:2      | Reached skill level 7 in Slings
  1814 | D:2      | Mangled by Sigmund

Illustrated notes

Levels and vault maps discovered:
D:1:      heliophobic_arrival_henge, layout_loops_ring
D:2:      layout_basic, hellmonk_ecumenical_altar_inner_sanctum,
          lemuel_another_geyser, uniq_sigmund, uniq_crazy_yiuf_cottage

Skill      XL: |  1  2  3  4 |
---------------+-------------+-----
Slings         | 5 6 7 |  7.0
Fighting       | 2 |  2.0
Dodging        | |  2.9
Stealth        | |  1.6

Action                   |  1- 3 |  4- 6 || total
-------------------------+-------+-------++-------
 Fire: Hunting sling     |    63 |    40 ||   103
Dodge: Dodged            |    12 |     3 ||    15

Table legend: (Time is in decaauts)
 A = Elapsed time spent in this place.
 B = Non-inter-level travel time spent in this place.
 C = Inter-level travel time spent in this place.
 D = Time resting spent in this place.
 E = Time spent auto-exploring this place.
 F = Levels seen in this place.
 G = Mean time per level.
                   A        B        C        D        E       F      G
               +--------+--------+--------+--------+--------+-----+--------+
         Total |   1287 |   1260 |     27 |    145 |    885 |   2 |  643.5 |
       Dungeon |   1287 |   1260 |     27 |    145 |    885 |   2 |  643.5 |
               +--------+--------+--------+--------+--------+-----+--------+

Top non-repeatable levels by time:
     D:2: 885 daAuts
     D:1: 401 daAuts
